 Dungeon Crawl Stone Soup version 0.30-b1-2-g02819fbbbe (webtiles) character file.

Game seed: 11585587804490490450

9 night the Sneak (level 2, 0/19 HPs)
             Began as a Gargoyle Delver on May 10, 2023.
             Was a Plaything of Xom.
             Slain by a jackal (2 damage)
             ... on level 1 of the Dungeon.
             The game lasted 00:02:43 (378 turns).

night the Sneak (Gargoyle Delver)                    Turns: 378, Time: 00:02:44

Health: 0/19       AC:  5    Str: 21    XL:     2   Next: 12%
Magic:  2/2        EV: 11    Int: 10    God:    Xom [.....*]
Gold:   1143       SH:  0    Dex: 11    Spells: 1/1 levels left

rFire   + + .        a - +0 mace
rCold   + + .        (no shield)
rNeg    + . .        b - +0 leather armour
rPois   ∞            (no helmet)
rElec   +            j - scarf {rC+ rF+}
rCorr   +            (no gloves)
SInv    .            (no boots)
Will    .....        (no amulet)
Stlth   +++          d - +6 ring of strength
HPRegen 0.23/turn    (no ring)
MPRegen 0.08/turn

%: no passive effects
@: resistant, hasted, very quick
A: sickness immunity, AC +2, negative energy resistance 1, electricity
resistance, torment resistance 1, petrification resistance, mutation resistance
1
a: Renounce Religion


You were on level 1 of the Dungeon.
You worshipped Xom.
You were Xom's teddy bear.
You visited 1 branch of the dungeon, and saw 6 of its levels.

You collected 1143 gold pieces.

Inventory:

Hand Weapons
 a - a +0 mace (weapon)
Missiles
 i - 4 javelins (quivered)
 k - 2 boomerangs
Armour
 b - a +0 leather armour (worn)
 j - a scarf of resistance (worn)
Jewellery
 d - a +6 ring of strength (left hand)
Wands
 g - a wand of digging (3)
Scrolls
 c - a scroll of fog
 e - a scroll of fear


   Skills:
 + Level 3.4 Fighting
 + Level 2.2 Maces & Flails
 + Level 1.8 Dodging
 + Level 5.6 Stealth


You had one spell level left.
You didn't know any spells.
Your spell library was empty.

Dungeon Overview and Level Annotations

Branches:
Dungeon (6/15)
 Temple: D:4-7

Altars:
Fedhas
Xom


Innate Abilities, Weirdness & Mutations

You are immune to sickness and miasma.
Your stone body is resilient. (AC +2)
You are immune to poison.
You resist negative energy. (rN+)
You are resistant to electric shocks. (rElec)
You are resistant to unholy torment.
You are immune to petrification.
You are somewhat resistant to further mutation.


Message History

You closely miss the jackal.
The jackal bites you but does no damage.
The jackal closely misses you.
You closely miss the jackal. The jackal bites you. x2
* * * LOW HITPOINT WARNING * * *
You barely miss the jackal.
The jackal bites you but does no damage.
The jackal bites you.
* * * LOW HITPOINT WARNING * * *
You hit the jackal.
The jackal is severely wounded.
The jackal bites you but does no damage.
You barely miss the jackal.
The jackal is severely wounded.
The jackal misses you. The jackal closely misses you.
You hit the jackal but do no damage.
The jackal is severely wounded.
The jackal bites you but does no damage. x2
You closely miss the jackal.
The jackal is severely wounded.
The jackal closely misses you. The jackal bites you.
* * * LOW HITPOINT WARNING * * *
It was a potion of resistance.
You feel protected. The jackal barely misses you.
You feel yourself speed up.
The jackal bites you but does no damage.
The jackal closely misses you.
You hit the jackal but do no damage.
The jackal is severely wounded.
The jackal pauses to sniff the ground.
The jackal closely misses you.
You barely miss the jackal.
The jackal is severely wounded.
The jackal bites you but does no damage.
You barely miss the jackal.
The jackal is severely wounded.
The jackal bites you.
You die... "This toy is broken."

##...# .#####.§§§§..#
##.....##.........§.#.#
#.......########.##§#
.........##.......#.(.
..........######).# ##.#
...........# #.### #
...........# #K..#
....<......# #h#.#
...........# #@#...
...........# ##.#####.
..........#####.........
.........####..†#.####..
+.......+# #..###.#
##.....## #.## .#
###.#######.# .#
#.##......# ..
#....###### ##


You could see a jackal and a kobold.

Vanquished Creatures
  A dart slug (D:1)
  A goblin (D:1)
  A jackal (D:1)
  A bat (D:2)
  2 kobolds
  A rat (D:2)
7 creatures vanquished.

Notes
Turn   | Place    | Note
-------+----------+-------------------------------------------
     0 | D:5      | night the Gargoyle Delver began the quest for the Orb.
     0 | D:5      | Reached XP level 1. HP: 14/14 MP: 1/1
     1 | D:5      | Noticed an iguana
    19 | D:6      | Noticed a sky beast
    60 | D:5      | Found a blossoming altar of Fedhas.
    80 | D:4      | Found a shimmering altar of Xom.
    92 | D:4      | Became a worshipper of Xom of Chaos
   248 | D:2      | XOM: divination: detect items
   280 | D:1      | Identified a scroll of acquirement
   280 | D:1      | Acquired 1133 gold pieces
   334 | D:1      | Reached XP level 2. HP: 19/19 MP: 2/2
   349 | D:1      | XOM: fog
   364 | D:1      | XOM: give mutation
   364 | D:1      | Gained mutation: You are somewhat resistant to further
                  | mutation. [Xom's grace]
   378 | D:1      | Slain by a jackal

Illustrated notes

Levels and vault maps discovered:
D:1:      lemuel_arrival_rhombus, layout_basic
D:2:      layout_basic, basic_altar
D:3:      layout_rooms, gammafunk_temple_overflow_claw
D:4:      layout_gridville, nemelex_xobeh_ov_fountains_minmay,
          nicolae_gozag_conspicuous_consumption, mainiacjoe_overflow_24_doors,
          abandoned_shop
D:5:      layout_rooms, lemuel_crystal_altar, minmay_temple_entry_purple_smoke
D:6:      layout_gridville, uniq_blork_the_orc

Action                     || total
---------------------------++-------
  Melee: Mace              ||    34
    Use: Scroll            ||     7
         Potion            ||     2
   Stab: Sleeping          ||     2
 Armour: Leather armour    ||    16
  Dodge: Dodged            ||    30
